AoeStats
← Zaissi

Nomad

510358478Analyzed
4v4 RM · 2d ago on Sep 30, 2026· 41m 7s· 8 players
Game mode
Random Map
Map size
231×231
Population
200
Speed
Normal
Resources
Standard
Victory
Conquest
Starting age
Dark Age
Ending age
Imperial Age
RankedLock teamsTeams togetherTeam positionsShared explorationLock speedFull tech treeHidden civsTurbo modeCheats
Victory
Defeat
🇨🇿 Franks · Czechia
1512
+14
🇫🇮 Malians · Finland
1505
+14
🇨🇴 Bohemians · Colombia
1433
+17
🇦🇹 Teutons · Austria
1388
+19
🇦🇷 Khmer · Argentina
1465
-16
🇦🇷 Saxons · Argentina
1465
-16
🇵🇪 Spanish · Peru
1452
-16
🇧🇷 Gurjaras · Brazil
1450
-16
ElTitanSargeras
4:33 Loom
13:38 Feudal Age
18:39 Castle Age
16:47 Double-Bit Axe
22:28 Town Watch
31:14 Wheelbarrow
30:21 Horse Collar
30:54 Bow Saw
35:10 Imperial Age
33:12 Medium Warships
34:57 Fortified Wall
35:00 Masonry
35:02 Padded Archer Armor
38:16 Leather Archer Armor
38:27 Stone Mining
Alvaro
5:46 Loom
14:06 Feudal Age
17:54 Castle Age
16:13 Double-Bit Axe
18:15 Scale Mail Armor
20:07 Forging
21:18 Chain Mail Armor
24:38 Arson
27:22 Squires
30:53 Gold Mining
30:52 Horse Collar
31:39 Heavy Plow
31:50 Bow Saw
33:05 Wheelbarrow
32:16 Town Watch
32:25 Stone Mining
35:03 Fletching
35:14 Padded Archer Armor
36:00 Gold Shaft Mining
36:09 Bodkin Arrow
37:21 Leather Archer Armor
39:44 Imperial Age
37:34 Hand Cart
39:02 Ballistics
41:05 Thumb Ring
40:21 Heavy Mounted Crossbowman
40:23 Cranequins
elchinaleikazo
4:46 Loom
13:38 Feudal Age
15:19 Town Watch
25:12 Castle Age
30:21 Imperial Age
28:34 Light Cavalry
33:15 Husbandry
33:26 Bloodlines
34:26 Horse Collar
34:34 Double-Bit Axe
35:46 Bow Saw
37:04 Chemistry
36:57 Wheelbarrow
37:04 Scale Barding Armor
40:11 Chain Barding Armor
41:30 Plate Barding Armor
TmZ_Mosquito Sedutor
4:31 Loom
15:35 Feudal Age
21:11 Double-Bit Axe
25:07 Wheelbarrow
24:18 Town Watch
30:56 Gold Mining
31:11 Horse Collar
34:22 Castle Age
32:30 Stone Mining
35:29 Bow Saw
35:21 Heavy Plow
36:00 Wheelbarrow
Volrath
4:31 Loom
13:05 Feudal Age
13:57 Fishing Lines
14:34 Town Watch
14:37 Double-Bit Axe
19:32 Castle Age
19:38 Wheelbarrow
20:34 Fletching
20:44 Gillnets
21:21 Bow Saw
20:35 Crossbowman
22:35 Bodkin Arrow
23:18 Padded Archer Armor
25:07 Hand Cart
26:51 Chemistry
26:06 Clinker Construction
27:04 Ballistics
27:44 Chemistry
29:20 Horse Collar
30:18 Heavy Plow
34:07 Imperial Age
32:38 Leather Archer Armor
34:18 Wagenburg Tactics
35:10 Conscription
35:17 Guilds
36:24 Ring Archer Armor
36:04 Siege Engineers
35:30 Houfnice
42:14 Coinage
41:44 Caravan
paran
13:06 Feudal Age
17:51 Castle Age
18:44 Double-Bit Axe
19:17 Loom
20:22 Wheelbarrow
20:06 Bow Saw
22:06 Fishing Lines
27:43 Forging
27:43 Scale Mail Armor
27:51 Squires
28:27 Town Watch
28:57 Hand Cart
29:33 Iron Casting
30:23 Fletching
32:01 Chain Mail Armor
33:19 Bodkin Arrow
37:24 Imperial Age
35:13 Town Patrol
35:32 Gold Mining
35:32 Stone Mining
38:19 Gold Shaft Mining
39:40 Conscription
38:41 Elite Throwing Axeman
39:22 Cavalier
41:11 Blast Furnace
40:41 Plate Mail Armor
41:13 Masonry
41:24 Ballistics
Listiger
4:32 Loom
14:17 Feudal Age
15:30 Double-Bit Axe
17:54 Fletching
23:05 Fishing Lines
24:43 Wheelbarrow
28:39 Castle Age
28:22 Gold Mining
30:15 Gillnets
31:16 Bow Saw
31:30 Hand Cart
37:11 Imperial Age
35:05 Stone Mining
35:29 Squires
35:46 Bodkin Arrow
36:33 Ballistics
36:10 Horse Collar
36:42 Pikeman
37:24 Scale Mail Armor
38:22 Capped Ram
39:38 Halberdier
40:37 Chain Mail Armor
Zaissi
5:47 Loom
14:33 Feudal Age
16:30 Wheelbarrow
18:09 Double-Bit Axe
21:22 Castle Age
19:21 Fletching
23:17 Bodkin Arrow
25:07 Elite Skirmisher
26:48 Bow Saw
32:27 Imperial Age
30:32 Horse Collar
30:43 Gold Mining
32:05 Medium Warships
33:08 Ballistics
36:18 Chemistry
36:53 Scale Barding Armor
36:48 Scale Mail Armor
37:24 Heavy Camel Rider
38:14 Bloodlines
38:05 Husbandry
39:45 Bloodlines
Connection lost

Rejoining the realm…

Still unreachable

The connection could not be restored.

Session expired

The server has moved on; the page needs a fresh start.